Map: Orbital Shipyard

Players

MightyThor

  • Race: Protoss Protoss
  • League: Master

Adonminus - Winner!

  • Race: Protoss Protoss
  • League: Master

VOD

Have the link to the VOD?

Description

Time

  • Played on: March 12, 2016, 8:24 a.m.
  • Length: 12:24
Show
View Real Time Build Order
Export as new Build Order

MightyThor Protoss 

Build Orders: Nexus First, Phoenix Opening 

Get SALT Encoding   

  12  0:02  Probe (Chrono Boost)  
  13  0:12  Probe (Chrono Boost)  
  14  0:17  Pylon  
  14  0:23  Probe (Chrono Boost)  
  16  0:35  Probe (Chrono Boost)  
  16  0:46  Probe (Chrono Boost)  
  17  0:58  Nexus  
  17  1:08  Gateway  
  18  1:11  Probe (Chrono Boost)  
  18  1:16  Assimilator  
  18  1:21  Probe (Chrono Boost)  
  18  1:23  Assimilator  
  19  1:32  Probe (Chrono Boost)  
  20  1:37  Gateway  
  20  1:44  Probe (Chrono Boost)  
  21  1:54  Probe (Chrono Boost)  
  21  1:55  Cybernetics Core  
  22  2:05  Probe (Chrono Boost)  
  23  2:11  Probe (Chrono Boost)  
  25  2:15  Probe (Chrono Boost)  
  25  2:22  Probe (Chrono Boost)  
  26  2:26  Probe (Chrono Boost)  
  27  2:31  Adept x2 (Chrono Boost)  
  27  2:33  Warp Gate  
  27  2:35  Probe  
  32  2:37  Probe  
  33  2:47  Probe (Chrono Boost)  
  33  2:49  Probe (Chrono Boost)  
  34  2:51  Stargate  
  34  2:59  Probe (Chrono Boost)  
  34  3:01  Probe (Chrono Boost)  
  36  3:06  Pylon  
  36  3:10  Probe (Chrono Boost)  
  36  3:11  Probe (Chrono Boost)  
  38  3:17  Robotics Facility  
  38  3:24  Probe x2 (Chrono Boost)  
  40  3:28  Pylon  
  40  3:30  Pylon  
  40  3:34  Probe (Chrono Boost)  
  40  3:35  Probe (Chrono Boost)  
  40  3:39  Phoenix (Chrono Boost)  
  44  3:43  Probe  
  44  3:46  Probe  
  46  3:53  Assimilator  
  46  3:54  Stargate, Assimilator, Probe  
  44  3:58  Probe  
  44  4:04  Probe  
  44  4:07  Phoenix (Chrono Boost)  
  47  4:10  Probe  
  47  4:15  Probe  
  49  4:22  Pylon  
  49  4:23  Probe  
  50  4:25  Probe  
  50  4:29  Phoenix (Chrono Boost)  
  53  4:34  Nexus  
  55  4:38  Phoenix (Chrono Boost)  
  55  4:43  Probe x2  
  57  4:52  Observer, Phoenix (Chrono Boost)  
  60  4:55  Probe  
  61  5:00  Assimilator  
  61  5:02  Phoenix (Chrono Boost)  
  61  5:04  Probe  
  61  5:05  Assimilator  
  64  5:07  Probe, Pylon  
  64  5:13  Phoenix (Chrono Boost)  
  67  5:17  Probe  
  67  5:19  Probe  
  68  5:23  Phoenix (Chrono Boost)  
  70  5:29  Probe  
  70  5:35  Phoenix (Chrono Boost)  
  73  5:42  Pylon  
  73  5:45  Phoenix (Chrono Boost)  
  73  5:46  Pylon  
  71  5:54  Probe  
  71  5:55  Probe x2  
  76  5:57  Phoenix (Chrono Boost)  
  76  6:04  Probe  
  76  6:07  Phoenix (Chrono Boost), Probe  
  78  6:22  Fleet Beacon  
  78  6:23  Phoenix (Chrono Boost)  
  78  6:24  Probe x2  
  82  6:27  Probe  
  83  6:34  Gateway  
  83  6:35  Gateway  
  83  6:36  Phoenix (Chrono Boost), Probe x2  
  83  6:37  Probe  
  83  6:39  Gateway x2  
  88  6:42  Gateway  
  88  6:44  Phoenix (Chrono Boost)  
  90  6:48  Probe x2  
  90  6:53  Probe  
  92  6:54  Stargate  
  92  6:55  Phoenix (Chrono Boost)  
  92  6:57  Pylon  
  92  6:59  Pylon  
  92  7:00  Pylon  
  95  7:05  Phoenix (Chrono Boost)  
  95  7:06  Anion Pulse-Crystals (Chrono Boost)  
  97  7:15  Phoenix  
  99  7:26  Phoenix  
  99  7:34  Warp Prism  
  103  7:37  Phoenix  
  103  7:42  Phoenix  
  107  7:46  Protoss Air Weapons Level 1  
  107  7:48  Phoenix, Nexus  
  107  7:50  Pylon  
  107  7:54  Assimilator  
  109  7:59  Phoenix  
  109  8:00  Assimilator  
  109  8:03  Pylon  
  111  8:07  Phoenix  
  111  8:10  Phoenix  
  103  8:20  Phoenix  
  89  8:32  Phoenix x2  
  83  8:46  Stalker x4  
  83  8:47  Stalker x3  
  95  8:49  Warp Prism  
  93  9:03  Phoenix x3  
  99  9:11  Gateway  
  99  9:13  Stalker x4  
  99  9:15  Zealot x3  
  113  9:17  Gateway  
  113  9:36  Stalker  
  113  9:37  Stalker x5  
  113  9:58  Stalker x4  
  109  10:11  Twilight Council  
  107  10:15  Zealot x3  
  101  10:23  Stalker  
  101  10:24  Stalker x3  
  99  10:39  Stalker x3  
  101  10:46  Stalker x3  
  101  10:47  Stalker  
  109  10:52  Gateway  
  109  11:08  Stalker x4  
  109  11:09  Stalker  
  103  11:15  Pylon  
  103  11:18  Stalker x2  
  91  11:20  Dark Shrine  
  83  11:32  Phoenix x3  
  85  11:33  Stalker x4  
  85  11:36  Zealot x3  
  85  11:39  Stalker x4  
  89  11:40  Zealot x3  
  89  11:45  Probe x2  
  89  11:46  Probe x2  
  93  11:57  Probe, Stalker x2  
  93  11:58  Stalker  
  100  12:03  Stalker x3  
  100  12:04  Stalker x3  
  100  12:06  Zealot  
  114  12:22  Stalker  
  98  12:23  Stalker x2  
  98  12:24  Zealot x2  
Show
View Real Time Build Order
Export as new Build Order

Adonminus Protoss - Winner!

Build Orders: 1 Gate Expand, Phoenix Opening 

Get SALT Encoding   

  12  0:00  Probe (Chrono Boost)  
  13  0:11  Probe (Chrono Boost)  
  14  0:20  Pylon  
  14  0:22  Probe (Chrono Boost)  
  15  0:38  Probe (Chrono Boost)  
  15  0:40  Gateway  
  15  0:42  Assimilator  
  16  0:49  Probe (Chrono Boost)  
  17  0:59  Probe (Chrono Boost)  
  18  1:10  Probe (Chrono Boost)  
  19  1:20  Nexus  
  19  1:23  Probe (Chrono Boost)  
  20  1:34  Cybernetics Core  
  20  1:37  Probe (Chrono Boost)  
  21  1:46  Pylon  
  21  1:48  Probe (Chrono Boost)  
  21  1:54  Assimilator  
  22  1:59  Probe (Chrono Boost)  
  23  2:09  Probe (Chrono Boost)  
  23  2:11  Stalker (Chrono Boost)  
  23  2:12  Warp Gate  
  26  2:21  Probe  
  27  2:30  Probe  
  27  2:33  Probe  
  29  2:40  Stargate  
  29  2:43  Probe  
  29  2:45  Probe  
  31  2:55  Probe (Chrono Boost)  
  31  2:57  Probe (Chrono Boost)  
  33  3:01  Gateway  
  33  3:02  Gateway  
  32  3:06  Probe (Chrono Boost)  
  32  3:08  Probe (Chrono Boost)  
  34  3:16  Probe (Chrono Boost)  
  34  3:19  Mothership Core (Chrono Boost)  
  37  3:23  Phoenix (Chrono Boost)  
  39  3:29  Probe, Pylon  
  40  3:39  Probe  
  40  3:40  Probe  
  41  3:45  Phoenix (Chrono Boost)  
  44  3:54  Probe  
  44  3:56  Probe  
  44  3:58  Pylon  
  44  3:59  Assimilator  
  44  4:01  Assimilator  
  46  4:07  Phoenix (Chrono Boost)  
  46  4:08  Probe x2  
  50  4:18  Probe  
  50  4:20  Probe  
  52  4:25  Pylon  
  52  4:29  Phoenix (Chrono Boost), Probe  
  52  4:30  Stargate  
  55  4:34  Probe  
  55  4:36  Pylon  
  56  4:39  Probe  
  57  4:46  Probe  
  57  4:50  Phoenix (Chrono Boost)  
  60  4:53  Probe, Nexus  
  60  4:54  Pylon  
  60  4:58  Probe  
  62  5:02  Pylon  
  62  5:04  Probe  
  63  5:12  Phoenix (Chrono Boost)  
  65  5:16  Phoenix (Chrono Boost)  
  65  5:21  Probe  
  66  5:29  Probe  
  66  5:33  Probe  
  66  5:34  Phoenix (Chrono Boost)  
  70  5:39  Phoenix (Chrono Boost)  
  68  5:55  Phoenix (Chrono Boost)  
  66  6:00  Phoenix (Chrono Boost)  
  66  6:01  Stargate  
  68  6:10  Assimilator  
  68  6:16  Assimilator  
  68  6:17  Phoenix (Chrono Boost)  
  69  6:19  Probe  
  69  6:20  Probe x2  
  69  6:22  Phoenix (Chrono Boost)  
  74  6:32  Probe x2  
  76  6:33  Probe  
  76  6:39  Phoenix (Chrono Boost)  
  79  6:43  Phoenix (Chrono Boost)  
  79  6:44  Probe x3  
  86  6:48  Phoenix (Chrono Boost)  
  86  6:52  Fleet Beacon  
  86  6:54  Forge  
  86  6:55  Probe  
  86  6:56  Probe  
  86  6:57  Probe  
  86  7:00  Phoenix (Chrono Boost)  
  91  7:07  Probe  
  92  7:08  Probe  
  92  7:09  Probe, Phoenix (Chrono Boost)  
  92  7:10  Nexus  
  92  7:11  Pylon  
  98  7:15  Phoenix (Chrono Boost)  
  98  7:19  Probe  
  98  7:21  Probe x2  
  98  7:22  Pylon  
  101  7:27  Phoenix (Chrono Boost), Photon Cannon  
  103  7:32  Probe  
  103  7:33  Probe  
  103  7:34  Phoenix (Chrono Boost)  
  103  7:36  Anion Pulse-Crystals (Chrono Boost)  
  105  7:39  Phoenix  
  105  7:40  Probe  
  105  7:44  Probe, Pylon  
  111  7:45  Probe  
  111  7:48  Phoenix  
  111  7:51  Assimilator  
  114  7:52  Probe  
  114  7:53  Assimilator  
  114  7:57  Photon Cannon  
  114  7:58  Probe  
  116  8:01  Phoenix  
  116  8:04  Phoenix  
  120  8:09  Phoenix  
  108  8:22  Phoenix  
  100  8:29  Phoenix  
  98  8:34  Phoenix  
  96  8:42  Probe  
  96  8:43  Robotics Facility, Probe  
  96  8:44  Phoenix  
  96  8:47  Probe  
  99  8:48  Probe  
  99  8:54  Phoenix, Probe  
  99  8:56  Phoenix  
  99  8:57  Gateway, Stalker x2  
  99  8:58  Gateway  
  105  9:03  Gateway  
  105  9:05  Gateway  
  105  9:06  Phoenix  
  105  9:08  Stalker  
  109  9:17  Phoenix  
  109  9:19  Phoenix  
  113  9:25  Stalker x2  
  113  9:29  Phoenix  
  117  9:31  Stalker  
  120  9:44  Phoenix  
  102  10:02  Phoenix x2  
  102  10:03  Stalker x5  
  109  10:09  Phoenix  
  96  10:23  Phoenix  
  96  10:24  Phoenix  
  96  10:26  Stalker x2  
  96  10:27  Stalker x4  
  98  10:37  Phoenix  
  98  10:40  Probe x3  
  103  10:45  Phoenix  
  105  10:50  Stalker x6  
  105  10:51  Phoenix  
  119  11:02  Phoenix  
  121  11:07  Phoenix  
  121  11:12  Phoenix  
  121  11:16  Stalker x3  
  121  11:17  Stalker  
  117  11:29  Phoenix  
  117  11:30  Phoenix  
  117  11:32  Probe  
  117  11:33  Probe x3  
  117  11:35  Pylon  
  117  11:38  Pylon  
  123  11:45  Pylon  
  123  11:50  Phoenix  
  125  11:55  Stalker x3  
  125  11:58  Stalker x4  
  139  12:02  Pylon  
  139  12:04  Pylon  
Tags
 
Add a new tag
Caveats
  • Supply blocks, unpowered buildings, or Contaminate may cause inaccurate times.
  • Supply counts are checked every 10 seconds.